 Dungeon Crawl Stone Soup version 0.29-a0-322-g68df515428 (webtiles) character file.

Game seed: 9658436111432188682

177 kae the Firebug (level 5, -3/29 HPs)
             Began as a Tengu Fire Elementalist on Apr 8, 2022.
             Slain by Grinder (5 damage)
             ... while paralysed by Grinder
             ... on level 3 of the Dungeon.
             The game lasted 00:02:07 (3987 turns).

kae the Firebug (Tengu Fire Elementalist)           Turns: 3987, Time: 00:02:07

Health: -3/29      AC:  2    Str: 14    XL:     5   Next: 57%
Magic:  7/10       EV:  2    Int: 18    God:
Gold:   181        SH:  0    Dex: 14    Spells: 3/9 levels left

rFire   . . .      SeeInvis .   g - +0 quarterstaff
rCold   . . .      Faith    .   (shield currently unavailable)
rNeg    . . .      Spirit   .   a - +0 robe
rPois   .          Reflect  .   (helmet restricted)
rElec   .          Harm     .   k - scarf {+Inv}
rCorr   .          Rampage  .   (no gloves)
Will    .....                   (boots unavailable)
Stlth   ++........              (no amulet)
HPRegen 0.09/turn               d - +6 ring of strength
MPRegen 0.12/turn               (no ring)

@: paralysed, flying quickly and evasively, quick
A: beak, talons 3, nimble flight
a: Evoke Invisibility


You were on level 3 of the Dungeon.
You visited 1 branch of the dungeon, and saw 4 of its levels.

You collected 181 gold pieces.

Inventory:

Hand Weapons
 g - a +0 quarterstaff (weapon)
Armour
 a - a +0 robe (worn)
 k - a scarf of invisibility (worn)
Jewellery
 d - a +6 ring of strength (left hand)
Scrolls
 e - 7 scrolls of identify
 f - a scroll of blinking
 h - 2 scrolls of magic mapping
 i - a scroll of fear {unknown}
 j - 3 scrolls of teleportation
Potions
 b - 2 potions of magic
 c - 2 potions of brilliance


   Skills:
 + Level 1.6 Fighting
 + Level 0.8 Staves
 + Level 1.9 Armour
 + Level 3.0 Dodging
 - Level 2.0 Stealth
 + Level 2.8 Spellcasting
 + Level 3.0 Conjurations
 + Level 3.9 Fire Magic
 + Level 0.4 Evocations


You had 3 spell levels left.
You knew the following spells:

 Your Spells              Type           Power      Damage    Failure   Level
a - Foxfire               Conj/Fire      60%        2x1d7     4%          1
b - Scorch                Fire           32%        2d6       4%          2
c - Conjure Flame         Conj/Fire      15%        6-21      12%         3

Your spell library contained the following spells:

 Spells                   Type           Power      Damage    Failure   Level
 Inner Flame              Hex/Fire       9%         N/A       22%         3
 Call Canine Familiar     Summ           2%         N/A       45%         3
 Confusing Touch          Hex            2%         N/A       45%         3
 Portal Projectile        Hex/Tloc       4%         N/A       45%         3
 Flame Wave               Conj/Fire      15%        2d6       36%         4
 Fireball                 Conj/Fire      7%         3d5       73%         5
 Leda's Liquefaction      Hex/Erth       1%         N/A       86%         4
 Yara's Violent Unravell  Hex/Tmut       1%         3d3       99%         5
 Starburst                Conj/Fire      7%         6d4       99%         6
 Enfeeble                 Hex            1%         N/A       100%        7
 Ignition                 Fire           8%         3d5       100%        8


Dungeon Overview and Level Annotations

Branches:
Dungeon (4/15)
 Temple: D:4-7

Altars:

Annotations:
D:3 Grinder
D:4 1 runed translucent door, Crazy Yiuf, Menkaure


Innate Abilities, Weirdness & Mutations

You have a beak for a mouth.
You have claws for feet.
Your magical nature lets you fly swiftly and evasively.


Message History

The orc is severely wounded.
The foxfire hits the orc.
You kill the orc!
There is a stone staircase leading up here.
You hit Grinder.
Grinder is lightly wounded.
Grinder hits you! Grinder barely misses you. Grinder hits you.
You fly upwards.
There is a stone staircase leading down here.
You hit Grinder but do no damage.
Grinder is lightly wounded.
Grinder hits you.
You writhe in agony.
You hit Grinder. You claw Grinder.
Grinder is lightly wounded.
Grinder closely misses you.
You hit Grinder. You claw Grinder, but do no damage.
Grinder is lightly wounded.
Grinder misses you.
You barely miss Grinder. You peck Grinder, but do no damage.
Grinder is lightly wounded.
Grinder barely misses you. Grinder closely misses you.
You feel better. Grinder closely misses you.
You hit Grinder.
Grinder is moderately wounded.
Grinder hits you!
You writhe in agony.
* * * LOW HITPOINT WARNING * * *
Okay, then.
Casting: Foxfire (safe; 4% risk of failure)
Confirm with . or Enter, or press ? or * to list all spells.
Flames lash Grinder.
Grinder is heavily wounded.
Grinder's fire resistance burns away.
Grinder gestures at you.
You suddenly lose the ability to move!
Grinder gestures at you. Pain shoots through your body!
* * * LOW HITPOINT WARNING * * *
Grinder hits you.
You die...

.#
#.####..######ยงโ‰ˆ.โ‰ˆโ‰ˆ###.####
.# #..##...# ###'###...# .#
##......## #..###### .###
###.....# #..#
...#######.....#######.##########
##..........<.......<.(..........
......##..##...######........(###
##.....(..##...####.....#######
.........#.....)@5...#.##
...........#######...#.#
.........### ###.###.# .........#
#...# #.# .........#######.### #.#
.........##.......# #.#
###########.......# #.# #
#.......# #.# # #.......# #.#


You could see Grinder (combustible).

Vanquished Creatures
  6 adders
  A gnoll (D:1)
  An ufetubus (D:4)
  2 worms (D:2)
  3 dart slugs
  4 orcs
  10 endoplasms
  10 giant cockroaches
  6 goblins
  9 hobgoblins
  2 jackals (D:4)
  5 kobolds
  A quokka (D:3)
  11 ball pythons
  5 bats
  4 frilled lizards
  10 rats
90 creatures vanquished.

Vanquished Creatures (others)
  315 foxfires
315 creatures vanquished.

Grand Total: 405 creatures vanquished

Notes
Turn   | Place    | Note
-------+----------+-------------------------------------------
     0 | D:1      | kae the Tengu Fire Elementalist began the quest for the
                  | Orb.
     0 | D:1      | Reached XP level 1. HP: 10/10 MP: 4/4
   262 | D:1      | Reached XP level 2. HP: 16/16 MP: 3/6
   332 | D:1      | Learned a level 2 spell: Scorch
   605 | D:1      | Reached skill level 1 in Armour
   605 | D:1      | Reached XP level 3. HP: 20/20 MP: 1/7
   609 | D:1      | Learned a level 3 spell: Conjure Flame
   741 | D:1      | Reached skill level 1 in Fighting
  1578 | D:2      | Reached XP level 4. HP: 21/25 MP: 2/8
  2594 | D:3      | Gained mutation: Your magical nature lets you fly swiftly
                  | and evasively. [Tengu growth]
  2594 | D:3      | Reached XP level 5. HP: 24/29 MP: 1/9
  3344 | D:4      | Noticed Menkaure
  3661 | D:4      | Found a runed translucent door.
  3662 | D:4      | Noticed Crazy Yiuf
  3941 | D:4      | Noticed Grinder
  3985 | D:3      | Paralysed by Grinder for 6 turns
  3987 | D:3      | Slain by Grinder

Illustrated notes

Levels and vault maps discovered:
D:1:      erik_arrival_triangle_medium, layout_basic, minmay_misc_feat_room,
          minmay_worlds_worst_comb
D:2:      minmay_recursive_quarters, layout_rooms, hex_tiny, kennysheep_boxes
D:3:      layout_rooms, hangedman_abyss_or_decor_lesser_grid,
          kennysheep_generic_room_13
D:4:      layout_loops_ring, minmay_temple_entry_statues_pillars, uniq_menkaure,
          uniq_grinder, uniq_crazy_yiuf_cottage

Skill      XL: |  1  2  3  4  5 |
---------------+----------------+-----
Armour         | 1 |  1.9
Conjurations   | 2 3 |  3.0
Fighting       | 1 |  1.6
Dodging        | 3 |  3.0
Staves         | |  0.8
Stealth        | |  2.0
Spellcasting   | |  2.8
Fire Magic     | |  3.9
Evocations     | |  0.4

Action                   |  1- 3 |  4- 6 || total
-------------------------+-------+-------++-------
Melee: Unarmed           |    12 |     3 ||    15
       Peck              |     3 |     3 ||     6
       Kick              |     2 |     4 ||     6
       Quarterstaff      |       |     9 ||     9
 Cast: Foxfire           |    80 |   106 ||   186
       Scorch            |     1 |     2 ||     3
  Use: Scroll            |       |     8 ||     8
       Potion            |       |     1 ||     1
 Stab: Sleeping          |     1 |       ||     1
Armor: Robe              |     2 |     1 ||     3
Dodge: Dodged            |    20 |    23 ||    43

Table legend: (Time is in decaauts)
 A = Elapsed time spent in this place.
 B = Non-inter-level travel time spent in this place.
 C = Inter-level travel time spent in this place.
 D = Time resting spent in this place.
 E = Time spent auto-exploring this place.
 F = Levels seen in this place.
 G = Mean time per level.
                   A        B        C        D        E       F      G
               +--------+--------+--------+--------+--------+-----+--------+
         Total |   3919 |   3836 |     83 |     75 |   3138 |   4 |  979.8 |
       Dungeon |   3919 |   3836 |     83 |     75 |   3138 |   4 |  979.8 |
               +--------+--------+--------+--------+--------+-----+--------+

Top non-repeatable levels by time:
     D:1: 1286 daAuts
     D:2: 1230 daAuts
     D:3: 719 daAuts
     D:4: 682 daAuts
